 Dungeon Crawl Stone Soup version bcrawl-1.41 (webtiles) character file.

Game seed: 8190039992494389610

22851048 Galewind the Infernalist (level 27, 155/155 HPs)
             Began as an Avariel Conjurer on Mar 25, 2024.
             Was the Champion of Vehumet.
             Escaped with the Orb
             ... and 6 runes on Mar 28, 2024!
             The game lasted 02:12:44 (60003 turns).

Galewind the Infernalist (Avariel Conjurer)        Turns: 60003, Time: 02:12:45

Health: 155/155    AC: 16    Str:  6    XL:     27
Magic:  52/52      EV: 34    Int: 41    God:    Vehumet [******]
Gold:   7247       SH: 16    Dex: 24    Spells: 4/72 levels left

rFire    + . .     GDR:     37% P - staff of fire
rCold    . . .     SeeInvis +   M - +3 warlock's mirror {reflect}
rNeg     . . .     Gourm    .   G - +2 leather armour {MR+}
rPois    .         Faith    .   J - +2 helmet {SInv}
rElec    .         Spirit   .   i - +2 cloak {+Inv}
rCorr    .         Reflect  +   w - +0 pair of gloves
MR       ++++.                  n - +2 pair of boots of the Assassin {Detection Stab+ Stlth++}
Stlth    ++........             H - amulet of Okawaru's Envy {RegenMP Dex+5}
HPRegen  0.35/turn              y - +6 ring of dexterity
MPRegen  0.89/turn              R - +6 ring of intelligence

@: flying quickly and evasively, studying 2 skills, deflect missiles, quick
A: large bone plates 1, frail 1, magic resistance 1, able to fly
0: Orb of Zot
}: 6/15 runes: decaying, slimy, silver, demonic, glowing, gossamer
a: Stop Flying, Renounce Religion, Evoke Invisibility


You escaped.
You worshipped Vehumet.
Vehumet was exalted by your worship.
You were hungry.

You visited 10 branches of the dungeon, and saw 46 of its levels.
You visited Pandemonium 2 times, and saw 7 of its levels.
You visited the Abyss 1 time.
You also visited: Trove, Ossuary and Ice Cave.

You collected 9226 gold pieces.
You spent 1979 gold pieces at shops.

Inventory:

Armour
 i - a +2 cloak of invisibility (worn)
 n - the +2 pair of boots of the Assassin (worn) {Detection Stab+ Stlth++}
   (You acquired it on level 5 of the Depths)

   It makes you much more stealthy.
 w - a +0 pair of gloves (worn)
 G - a +2 leather armour of magic resistance (worn)
 J - a +2 helmet of see invisible (worn)
 M - the +3 warlock's mirror (worn) {reflect}
   (You found it on level 10 of the Dungeon)
Magical Staves
 P - an uncursed staff of fire (weapon)
Jewellery
 y - a +6 ring of dexterity (left hand)
 B - the cursed ring "Lyruenew" {rF+ Stlth--}
   (You found it on level 3 of the Realm of Zot)

   [ring of attention]

   It protects you from fire.
   It makes you much less stealthy.
   It has a curse placed upon it.
 D - an uncursed amulet of regeneration
 H - the amulet of Okawaru's Envy (around neck) {RegenMP Dex+5}
   (You found it on level 1 of the Elven Halls)

   [amulet of magic regeneration]

   It increases your magic regeneration.
   It affects your dexterity (+5).
 R - a +6 ring of intelligence (right hand)
Wands
 u - a wand of acid (22)
 F - a wand of digging (4)
 I - a wand of disintegration (56)
 Q - a wand of iceblast (50)
Scrolls
 a - a scroll of revelation
 f - 15 scrolls of fog
 g - 14 scrolls of amnesia
 h - 18 scrolls of remove curse
 m - 15 scrolls of enchant weapon
 o - 2 scrolls of silence
 p - 9 scrolls of blinking
 r - 16 scrolls of teleportation
 v - 10 scrolls of immolation
 z - 4 scrolls of summoning
 A - 7 scrolls of fear
 O - 3 scrolls of vulnerability
 S - 7 scrolls of enchant armour
 W - 3 scrolls of brand weapon
Potions
 b - 5 potions of mutation
 c - 2 potions of magic
 d - 9 potions of might
 j - 3 potions of berserk rage
 k - 4 potions of agility
 l - 27 potions of curing
 q - 8 potions of flight
 s - 6 potions of heal wounds
 t - 3 potions of resistance
 x - 6 potions of brilliance
 C - a potion of invisibility
 N - 12 potions of haste
 U - 14 potions of cancellation
Miscellaneous
 E - a phantom mirror
 K - a phial of floods
 V - a lightning rod (4/4)
 X - a sack of spiders
Comestibles
 e - 71 rations {!d}


   Skills:
 + Level 17.8 Fighting
   Level 1.0(1.1) Axes
   Level 0.2(2.0) Maces & Flails
 - Level 3.8 Staves
 - Level 9.3 Crossbows
 - Level 4.0 Armour
 - Level 17.0 Dodging
 - Level 2.1 Stealth
 - Level 10.0 Shields
 - Level 23.0 Spellcasting
 - Level 15.0 Conjurations
 - Level 17.0 Hexes
 - Level 10.0 Charms
 - Level 12.0 Necromancy
 - Level 15.0 Translocations
 - Level 12.0 Transmutations
 O Level 27 Fire Magic
 - Level 15.0 Ice Magic
 - Level 10.0 Air Magic
   Level 2.0 Earth Magic
 - Level 1.2 Evocations


You had 4 spell levels left.
You knew the following spells:

 Your Spells              Type           Power        Failure   Level  Hunger
a - Necromutation         Tmut/Necr      #######.     43%         8    ##.....
b - Bolt of Fire          Conj/Fire      ########..   1%          6    None
c - Iskenderun's Mystic   Conj           ########     0%          3    None
d - Ignition              Hex/Fire       ########..   1%          8    None
e - Iskenderun's Battles  Conj/Chrm      #######.     1%          5    None
f - Bolt of Cold          Conj/Ice       ########..   1%          6    None
g - Fire Storm            Fire           #########.   1%          9    None
h - Orb of Destruction    Conj           ########..   1%          7    None
i - Controlled Blink      Tloc           ########     1%          7    None
j - Regeneration          Chrm/Necr      #######...   1%          3    None
k - Deflect Missiles      Chrm/Air       #######...   2%          6    None

Your spell library contained the following spells:

 Spells                   Type           Power        Failure   Level  Hunger
 Lehudib's Crystal Spear  Conj/Erth      #######...   45%         8    ##.....
 Beastly Appendage        Tmut           ######       0%          1    None
 Corona                   Hex            #######      0%          1    None
 Flame Tongue             Conj/Fire      #####        0%          1    None
 Freeze                   Ice            ######       0%          1    None
 Infusion                 Chrm           #######.     0%          1    None
 Magic Dart               Conj           ####         0%          1    None
 Necrotize                Necr           ######       0%          1    None
 Slow                     Hex            ########     0%          1    None
 Static Discharge         Air            ######       0%          1    None
 Blink                    Tloc           N/A          0%          2    None
 Corpse Rot               Necr           N/A          0%          2    None
 Ensorcelled Hibernation  Hex/Ice        ######       0%          2    None
 Flaming Arrows           Chrm/Fire      ########     0%          2    None
 Searing Ray              Conj           ########     0%          2    None
 Shackle                  Hex            ########     0%          2    None
 Shock                    Conj/Air       #######      0%          2    None
 Sticks to Snakes         Tmut           #######.     0%          2    None
 Sublimation of Blood     Necr           #######...   0%          2    None
 Throw Frost              Conj/Ice       ######       0%          2    None
 Beckoning                Tloc           ########..   0%          3    None
 Confuse                  Hex            ########     0%          3    None
 Conjure Flame            Conj/Fire      ########     0%          3    None
 Dazzling Orbs            Conj/Hex       #######      0%          3    None
 Ignite Poison            Fire/Tmut/Pois ########     0%          3    None
 Inner Flame              Hex/Fire       N/A          0%          3    None
 Portal Projectile        Tloc           ######       0%          3    None
 Spectral Weapon          Hex/Chrm       ########     0%          3    None
 Tukima's Dance           Hex            ########     0%          3    None
 Cause Fear               Hex            ########..   0%          4    None
 Fulminant Prism          Conj/Hex       ########..   0%          4    None
 Sticky Flame             Conj/Fire      ########     0%          4    None
 Throw Icicle             Conj/Ice       ########     0%          4    None
 Summon Butterflies       Summ           #####...     1%          1    None
 Summon Small Mammal      Summ           ####         1%          1    None
 Call Imp                 Summ           #####.       1%          2    None
 Passwall                 Tmut/Erth      #######.     1%          2    None
 Poisonous Vapours        Pois/Air       ######       1%          2    None
 Song of Slaying          Chrm           #######.     1%          2    None
 Swiftness                Chrm/Air       #######.     1%          2    None
 False Image              Hex/Summ       #######.     1%          3    None
 Mephitic Cloud           Conj/Pois/Air  #######.     1%          3    None
 Ozocubu's Armour         Chrm/Ice       #######.     1%          3    None
 Recall                   Summ/Tloc      N/A          1%          3    None
 Spider Form              Tmut/Pois      ###          1%          3    None
 Stone Arrow              Conj/Erth      ######       1%          3    None
 Vampiric Draining        Necr           #######...   1%          3    None
 Agony                    Necr           #######.     1%          4    None
 Airstrike                Air            #######...   1%          4    None
 Animate Dead             Necr           N/A          1%          4    None
 Ice Form                 Ice/Tmut       ########     1%          4    None
 Lightning Bolt           Conj/Air       #######.     1%          4    None
 Petrify                  Tmut/Erth      #######...   1%          4    None
 Summon Ice Beast         Ice/Summ       #######.     1%          4    None
 Tree Form                Hex/Tmut       N/A          1%          4    None
 Yara's Violent Unravell  Hex/Tmut       ########..   1%          4    None
 Summon Scorpions         Summ/Pois      #####...     10%         4    None
 Fireball                 Conj/Fire      ########..   0%          5    None
 Steam Barrier            Chrm/Fire      ########..   0%          5    None
 Blade Hands              Tmut           #######...   1%          5    None
 Bolt of Magma            Conj/Fire/Erth ########..   1%          5    None
 Dispel Undead            Necr           #######.     1%          5    None
 Freezing Cloud           Ice/Air        #######.     1%          5    None
 Irradiate                Conj/Tmut      ########..   1%          5    None
 Metabolic Englaciation   Hex/Ice        ########..   1%          5    None
 Piercing Shot            Chrm           #######...   1%          5    None
 Silence                  Hex/Air        ########..   1%          5    None
 Summon Forest            Summ/Tloc      #######...   1%          5    None
 Summon Mana Viper        Hex/Summ       #######.     1%          5    None
 Darkness                 Hex            ########..   1%          6    None
 Death Channel            Chrm/Necr      #######...   1%          6    None
 Dispersal                Tloc           ########..   1%          6    None
 Invisibility             Hex            ########     1%          6    None
 Iron Shot                Conj/Erth      #######...   1%          6    None
 Ozocubu's Refrigeration  Ice            ########..   1%          6    None
 Poison Arrow             Conj/Pois      #######...   1%          6    None
 Simulacrum               Ice/Necr       ########     1%          6    None
 Discord                  Hex            ########..   1%          7    None
 Mana Rupture             Conj/Hex       ########..   1%          7    None
 Lee's Rapid Deconstruct  Erth           ######....   3%          5    None
 Summon Lightning Spire   Summ/Air       ######..     3%          5    None
 Infestation              Hex/Tmut/Pois  #######..    3%          6    None
 Virulence                Hex/Pois       #######.     4%          6    None
 Dragon Form              Tmut           #######      6%          7    None
 Borgnjor's Vile Clutch   Necr/Erth      #######...   9%          6    None
 Statue Form              Tmut/Erth      #######..    9%          6    None
 Tornado                  Tloc/Air       #######...   11%         8    ##.....
 Summon Demon             Summ           #####.....   28%         5    None
 Malign Gateway           Summ/Tloc      #######...   36%         7    None
 Spellforged Servitor     Conj/Summ      #######...   36%         7    None
 Time Stop                Chrm/Tloc      N/A          36%         8    ##.....
 Blight                   Necr/Pois      #######..    58%         7    None
 Haunt                    Necr/Summ      #######...   58%         7    None
 Aura of Abjuration       Summ           #####.....   83%         6    None
 Summon Hydra             Summ           #####.....   83%         6    None
 Monstrous Menagerie      Summ           #####.....   100%        7    None
 Shadow Creatures         Summ           N/A          100%        7    None
 Summon Greater Demon     Summ           #####.....   100%        7    None
 Summon Horrible Things   Summ           #####.....   100%        8    ##.....
 Shatter                  Erth           ######....   100%        9    ####...
 Passage of Golubria      Tloc           Unusable     N/A         5    N/A

Dungeon Overview and Level Annotations

Branches:
Dungeon (12/12)            Temple (0/1) D:6            Lair (6/6) D:7
  Swamp (3/3) Lair:3       Spider (3/3) Lair:2        Slime (5/5) Orc
    Orc (1/1) D:10            Elf (3/3) Lair:5       Vaults (3/3) D:12
  Crypt (0/2) Vaults:2     Depths (5/5) D:12            Zot (5/5) Depths:5

Altars:
Cheibriados
Dithmenos
Fedhas
Makhleb
Nemelex Xobeh
Okawaru
Qazlal
Ru
Sif Muna
Vehumet
Zin
Jiyva

Shops:
D:4 :?[}[   D:8 (   Orc [*(?(   Vaults:1 !   Vaults:2 [   Depths:5 ==}

Portals:
Hell: Depths:1 Depths:2 Depths:3 Depths:4 Depths:5
Abyss: Depths:3 Depths:4
Pandemonium: Depths:2 Depths:3 Depths:4
Ziggurat: Depths:1

Annotations:
Elf:2 3 runed doors
Vaults:2 6 runed translucent doors
Depths:1 1 runed translucent door
Depths:5 Jory


Innate Abilities, Weirdness & Mutations

You can fly continuously.
You are partially covered in large bone plates. (SH +4)
You are frail. (-10% HP)
You are resistant to hostile enchantments. (MR+)


Message History

(V) Vaults (C) Crypt (U) Depths (H) Hell (Z) Zot
Where to? (Enter - D:1, ? - help)
You use a rune to identify the item.
You see here a +0 spear.
HP restored.
There is a stone staircase leading up here.
You fly upwards.
There is a stone staircase leading down here.
HP restored.
You sense a monster nearby.
You hear a grinding noise.
You hear a grinding noise.
There is a staircase leading out of the dungeon here.
You start waiting.
A cacodemon comes into view.
The cacodemon gestures next to the bush.
You hear a grinding noise.
The power of the Orb breaks the dimensional shunt like a soap bubble!
You have escaped!

#.# #.....#P...P####### #.# ##
#.#####..##.##...##{{...# #.#
#. #........##.#P...P#####.#
#.# #. #######..##.##...#2# #.#
#.###. #..##.#P.P.P.# #.#
#.....
#..##.##.P.#.####.#######.
#..##.#P...P........[..##.
######.....##...##.###.####.##.
#......###....@.##.# #.# #.###
#.####.# #########.# #.# #.#
#.# ##.# #..#.# #.# #.# #.#
#..# ##.#.###(# #.# #.# #.##
#.#.##..# #.# #.# #.# #.#.##.##
#.# #.# #.# #.#.##.## #.# #.#
#.# #.#.#...####.### #.###.####
#.#.............


You could see a cacodemon.

Vanquished Creatures
  the Royal Jelly (Slime:5)
  Mnoleg (Pan)
  A seraph (Pan)
  2 pandemonium lords (Pan)
  A juggernaut (Depths:4)
  4 orbs of fire (Zot:5)
  6 ancient liches
  The ghost of Synox the Slayer, a legendary FoFi of Ru (Vaults:2)
  Xtahua (Depths:3)
  Saint Roka (Depths:3)
  the Lernaean hydra (Swamp:3)
  Sojobo (Depths:5)
  4 Killer Klowns
  Arachne (Spider:2)
  Bai Suzhen (Swamp:3)
  5 golden dragons
  2 curse toes
  The ghost of Plog the Warrior, an adept DgCj (Depths:1)
  2 pearl dragons (Pan)
  3 rockslimes
  4 electric golems
  7 Shadow Fiends (Pan)
  4 Orb Demons
  Rupert (Spider:1)
  A wendigo (Depths:5)
  13 tentacled monstrosities
  24 Orb Guardians
  A lich (Depths:5)
  24 acid blobs
  13 quicksilver dragons
  3 deep elf blademasters (Elf:3)
  5 deep elf master archers (Elf:3)
  7 sphinxes
  An Executioner (Depths:2)
  8 death cobs
  6 shadow dragons
  Kirke (Swamp:3)
  4 thorn hunters
  3 tentacled starspawn (Abyss:1)
  8 tengu reavers
  13 storm dragons
  Roxanne (Swamp:1)
  Donald (Vaults:2)
  17 daevas
  A balrug (Abyss:1)
  4 draconian monks
  4 frost giants
  31 apis (Pan)
  14 fire giants
  2 deep elf sorcerers (Elf:3)
  5 draconian knights
  16 cacodemons (Pan)
  5 draconian shifters
  A corrupter (Pan)
  An orc warlord (Vaults:3)
  4 war gargoyles (Vaults:3)
  20 azure jellies
  An iron dragon (Vaults:3)
  2 deep elf elementalists (Elf:3)
  Aizul (Swamp:3)
  9 draconian annihilators
  10 vault wardens
  A curse skull (Vaults:2)
  3 spriggan defenders
  6 emperor scorpions
  7 ghost moths
  A reaper (Zot:5)
  4 draconian stormcallers
  The ghost of Mehrunes the Warrior, a journeyman VSMA of Wu Jian (Spider:1)
  24 angels
  8 draconian scorchers
  17 stone giants
  12 ironheart preservers
  3 eyes of devastation (Pan)
  13 ophanim (Pan)
  2 deep elf demonologists
  3 vampire knights
  18 very ugly things
  11 green draconians
  10 black draconians
  14 white draconians
  The ghost of Odimp the Protected, a journeyman KoWn of Wu Jian (Lair:4)
  13 yellow draconians
  A spark wasp (Spider:3)
  3 entropy weavers (Spider:1)
  8 dire elephants
  20 purple draconians
  5 deep elf annihilators (Elf:3)
  13 red draconians
  A blizzard demon (Depths:3)
  6 deep elf death magi
  Azrael (Orc)
  A crystal guardian (Vaults:3)
  9 ettins
  11 yaktaur captains
  3 deep elf high priests
  Urug (Lair:1)
  13 fire dragons
  30 vault guards
  Erolcha (D:12)
  27 hydras
  Fannar (Lair:1)
  10 ice dragons
  6 rakshasas
  A hell beast (Depths:2)
  Erica (Lair:1)
  4 shambling mangroves
  10 great orbs of eyes
  3 death knights
  The ghost of Mehrunes the Covert, a novice NaSA of Cheibriados (D:8)
  A shadow wraith (Vaults:1)
  A spriggan air mage (Depths:1)
  2 catoblepae (Lair:4)
  A two-headed ogre (shapeshifter) (Depths:1)
  6 ogre magi
  A ghost crab (Swamp:2)
  A satyr (shapeshifter) (Vaults:3)
  A death yak (IceCv)
  17 two-headed ogres
  7 tengu warriors
  7 ancient automatons
  A queen ant (Spider:1)
  14 death oozes
  8 alligators
  26 dancing weapons
  2 deep troll shamans (Depths:2)
  3 orc high priests (Orc)
  6 spriggan berserkers
  4 deep troll earth magi
  6 soul eaters
  A thrashing horror (Abyss:1)
  2 vampire magi
  4 ironheart beastmasters
  7 skeletal warriors
  5 wretched stars (Abyss:1)
  13 deep elf knights
  A sun demon (Pan)
  A goliath frog (Swamp:2)
  17 centaur warriors
  11 deep trolls
  10 sixfirhies (Pan)
  17 cherubim (Pan)
  3 torturous demonspawn
  A gelid demonspawn (Depths:4)
  16 swamp dragons
  2 shadow demons
  A flayed ghost (Vaults:3)
  11 deep elf archers
  3 glowing orange brains
  2 starcursed masses (Abyss:1)
  5 orange crystal statues
  A cyclops (Vaults:2)
  19 wizards
  16 ironheart convokers
  11 orc knights
  An infernal demonspawn (Pan)
  A mana viper (Abyss:1)
  8 phantasmal warriors
  A necromancer (Depths:1)
  19 orb spiders
  5 orc sorcerers (Orc)
  53 deep elf magi
  A shining eye (shapeshifter) (Depths:1)
  50 ugly things
  16 wolf spiders
  15 shining eyes
  An apocalypse crab (Abyss:1)
  9 manticores (Depths:2)
  A shadow dragon skeleton (Depths:1)
  23 moths of wrath
  19 large abominations
  3 oklob plants (Lair:4)
  An ice statue (IceCv)
  A guardian serpent (shapeshifter) (Depths:1)
  9 will-o'-wisps (Swamp:3)
  24 elephants
  A molten gargoyle (Lair:2)
  6 black mambas
  A black mamba (shapeshifter) (Depths:2)
  3 smoke demons
  13 vault sentinels
  A gargoyle (D:12)
  10 orange demons
  2 torpor snails
  16 jumping spiders
  8 demonic crawlers
  3 hellions (Pan)
  14 komodo dragons
  A cane toad (shapeshifter) (Vaults:3)
  43 cane toads
  A rime drake (shapeshifter) (Vaults:2)
  A jumping spider (shapeshifter) (Vaults:3)
  5 rime drakes
  A yaktaur (shapeshifter) (D:12)
  28 yaktaurs
  An ancient zyme (Abyss:1)
  A hellwing (Depths:5)
  A flying skull (Abyss:1)
  5 eyes of draining
  9 trolls
  A queen bee (shapeshifter) (Depths:3)
  2 ice devils (Depths:3)
  5 freezing wraiths
  18 polar bears
  2 red devils
  A tyrant leech (shapeshifter) (Depths:4)
  5 tengu conjurers
  A tengu simulacrum (Depths:1)
  3 meliai (D:12)
  Grinder (D:6)
  12 tyrant leeches
  23 hornets
  A raiju (Abyss:1)
  A meliai (shapeshifter) (Depths:4)
  A harpy skeleton (D:11)
  27 blink frogs
  22 dream sheep
  171 slime creatures
  6 hippogriffs
  5 bog bodies
  A meliai zombie (D:10)
  Sigmund (D:3)
  A shadow (D:11)
  2 tarantellas (shapeshifter)
  12 spriggans
  36 yaks
  14 water elementals
  7 air elementals
  An ettin skeleton (Depths:1)
  A spriggan skeleton (Depths:1)
  14 tarantellas
  A wyvern (shapeshifter) (D:12)
  2 wyverns
  4 ynoxinuls
  5 basilisks
  A vampire (Abyss:1)
  2 hungry ghosts
  7 wraiths
  3 fire bats (Lair:2)
  13 golden eyes
  7 hogs (Swamp:3)
  15 vampire mosquitoes
  A yaktaur simulacrum (Vaults:2)
  43 redbacks
  21 neqoxecs
  10 fire elementals
  6 chaos spawn (Pan)
  5 wargs
  11 swamp worms
  14 crocodiles
  9 water moccasins
  4 hell hounds
  5 floating eyes
  6 porcupines
  A soldier ant (shapeshifter) (Depths:1)
  A hornet zombie (D:10)
  10 soldier ants (Spider:1)
  26 orc warriors
  15 swamp drakes
  A phantom (D:8)
  4 sky beasts
  A necrophage (D:8)
  An ogre (shapeshifter) (Depths:3)
  3 small abominations (Abyss:1)
  16 ogres
  27 wolves
  13 boggarts
  2 kobold brigands
  19 bullfrogs
  A wyvern zombie (D:8)
  4 earth elementals
  13 centaurs
  A hornet simulacrum (D:11)
  A scorpion (D:5)
  7 wights (D:9)
  A howler monkey (D:5)
  5 electric eels
  2 lava snakes (Lair:2)
  14 orc priests
  9 crimson imps
  2 bullfrog zombies
  3 quasits
  A human zombie (Ossuary)
  2 jellies
  9 hounds
  A bullfrog skeleton (D:8)
  3 iron imps (Depths:3)
  11 orc wizards
  Terence (D:2)
  5 iguanas
  30 worker ants
  A statue (D:5)
  A killer bee zombie (D:8)
  2 hound skeletons
  3 mummies (Ossuary)
  A worker ant zombie (D:7)
  12 adders
  5 shadow imps
  7 white imps
  An ooze (D:1)
  2 adder zombies
  An adder skeleton (D:6)
  3 leopard geckos (D:1)
  44 orcs
  10 bats
  3 giant cockroaches
  7 goblins
  3 hobgoblins
  A jackal (D:2)
  12 kobolds
  A quokka (D:2)
  A frilled lizard (D:1)
  4 goblin zombies (Ossuary)
  6 hobgoblin zombies (Ossuary)
  A jackal skeleton (D:4)
  A kobold zombie (Ossuary)
  6 rats
  18 briar patches
  4 fire vortices
  A fungus (Slime:1)
  9 plants
  6 starspawn tentacles (Abyss:1)
2471 creatures vanquished.

Vanquished Creatures (collateral kills)
  An ancient lich (Zot:5)
  A golden dragon (Depths:5)
  2 Shadow Fiends (Pan)
  A daeva (Pan)
  An ugly thing (Depths:3)
  2 moths of wrath
  2 orange demons (Pan)
  A golden eye (Pan)
  An orc warrior (Depths:3)
  An ogre (Depths:3)
  An orc (Depths:3)
14 creatures vanquished.

Vanquished Creatures (others)
  An ancient lich (Zot:5)
  An eldritch tentacle (Pan)
  2 stone giants
  A yaktaur captain (Vaults:2)
  3 centaur warriors (Vaults:2)
  2 yaktaurs
  2 polar bears (IceCv)
  A tarantella (Spider:2)
  A fire bat (Pan)
  2 wolves (IceCv)
  292 fire vortices
  17 fungi
  35 plants
  A starspawn tentacle (Abyss:1)
361 creatures vanquished.

Grand Total: 2846 creatures vanquished

Notes
Turn   | Place    | Note
-------+----------+-------------------------------------------
     0 | D:1      | Galewind the Avariel Conjurer began the quest for the Orb.
     0 | D:1      | Reached XP level 1. HP: 10/10 MP: 6/6
   136 | D:1      | Reached XP level 2. HP: 15/15 MP: 3/7
   820 | D:2      | Learned a level 2 spell: Searing Ray
   858 | D:2      | Reached XP level 3. HP: 19/19 MP: 2/9
   862 | D:2      | Learned a level 3 spell: Iskenderun's Mystic Blast
  1436 | D:2      | Noticed Terence
  1472 | D:2      | Killed Terence
  1473 | D:2      | Reached XP level 4. HP: 23/24 MP: 0/10
  1752 | D:3      | Noticed Sigmund
  1759 | D:3      | Killed Sigmund
  1760 | D:3      | Reached XP level 5. HP: 22/28 MP: 5/13
  1760 | D:3      | Reached XP level 6. HP: 25/32 MP: 5/14
  2112 | D:4      | Found Riucumauch's Armour Shoppe.
  2413 | D:4      | Found Muskiho's Magic Scroll Shop.
  2423 | D:4      | Bought 2 scrolls of fear for 110 gold pieces
  2430 | D:4      | Found Less's Gadget Boutique.
  2509 | D:4      | Found Jow Urei's Book Shoppe.
  2528 | D:4      | Reached skill level 5 in Spellcasting
  2553 | D:4      | Found Qaotoproa's Antique Armour Emporium.
  2709 | D:4      | Reached XP level 7. HP: 32/36 MP: 11/16
  2948 | D:5      | Entered Level 5 of the Dungeon
  3140 | D:5      | Reached skill level 10 in Conjurations
  3140 | D:5      | Reached XP level 8. HP: 29/42 MP: 16/20
  3352 | D:5      | Reached skill level 1 in Fighting
  3503 | D:5      | Found a radiant altar of Vehumet.
  3559 | D:5      | Became a worshipper of Vehumet
  3854 | D:6      | Noticed a two-headed ogre
  3870 | D:5      | Killed a two-headed ogre
  3871 | D:5      | Gained mutation: You can fly continuously. [Avariel growth]
  3871 | D:5      | Reached XP level 9. HP: 32/47 MP: 1/24
  3935 | D:6      | Found a glowing silver altar of Zin.
  3935 | D:6      | Found a burning altar of Makhleb.
  3943 | D:6      | Found a snail-covered altar of Cheibriados.
  3949 | D:6      | Found an iron altar of Okawaru.
  3951 | D:6      | Found a sparkling altar of Nemelex Xobeh.
  4003 | D:6      | Noticed Grinder
  4004 | D:6      | Reached skill level 10 in Spellcasting
  4006 | D:6      | Paralysed by Grinder for 2 turns
  4068 | D:6      | Killed Grinder
  4109 | D:6      | Reached skill level 5 in Dodging
  4124 | D:6      | Found a staircase to the Ecumenical Temple.
  4510 | D:6      | Identified a scroll of acquirement
  4574 | D:7      | Noticed a two-headed ogre
  4578 | D:7      | Killed a two-headed ogre
  4626 | D:7      | Reached XP level 10. HP: 53/53 MP: 22/26
  4693 | D:7      | Reached * piety under Vehumet
  4693 | D:7      | Offered knowledge of Sandblast by Vehumet.
  4695 | D:7      | Found a staircase to the Lair.
  4770 | D:7      | Found a sand-covered staircase.
  4835 | Ossuary  | Entered an ossuary
  4928 | Ossuary  | Reached ** piety under Vehumet
  4928 | Ossuary  | Offered knowledge of Throw Frost by Vehumet.
  5401 | D:7      | Found a blossoming altar of Fedhas.
  5559 | D:7      | Reached skill level 10 in Dodging
  5703 | D:8      | Reached skill level 1 in Staves
  5703 | D:8      | Reached skill level 1 in Evocations
  5731 | D:8      | Reached skill level 1 in Axes
  5837 | D:8      | Found Cuirida Zyda's Antique Weapon Shoppe.
  6020 | D:8      | Offered knowledge of Ignite Poison by Vehumet.
  6206 | D:8      | Reached XP level 11. HP: 61/61 MP: 19/27
  6306 | D:8      | Found a runed translucent door.
  6338 | D:8      | Noticed Mehrunes's ghost (novice NaSA)
  6492 | Lair:1   | Entered Level 1 of the Lair of Beasts
  6494 | Lair:1   | Reached *** piety under Vehumet
  6496 | Lair:1   | Noticed Fannar
  6502 | Lair:1   | Killed Fannar
  6506 | Lair:1   | Got a steaming cloak
  6516 | Lair:1   | Identified the cursed +0 cloak of Foqos {rC- Dex+4 Stlth+}
                  | (You found it on level 1 of the Lair of Beasts)
  6692 | Lair:1   | Found a shadowy altar of Dithmenos.
  6843 | Lair:1   | Noticed Urug
  6865 | Lair:1   | Killed Urug
  6906 | Lair:1   | Offered knowledge of Yara's Violent Unravelling by Vehumet.
  6927 | Lair:1   | Noticed Erica
  6931 | Lair:1   | Killed Erica
  7221 | Lair:1   | Reached XP level 12. HP: 66/66 MP: 23/32
  7610 | Lair:2   | Reached skill level 5 in Fighting
  8205 | Lair:2   | Reached **** piety under Vehumet
  8414 | Lair:2   | Found a hole to the Spider Nest.
  8450 | Lair:2   | Noticed a six-headed hydra
  8453 | Lair:2   | Killed a six-headed hydra
  8455 | Lair:2   | Found a shadowy altar of Dithmenos.
  8599 | Lair:3   | Offered knowledge of Bolt of Magma by Vehumet.
  8634 | Lair:2   | Learned a level 5 spell: Bolt of Magma
  8770 | Lair:3   | Noticed a four-headed hydra
  8773 | Lair:3   | Killed a four-headed hydra
  8942 | Lair:3   | Noticed a six-headed hydra
  8944 | Lair:3   | Killed a six-headed hydra
  8959 | Lair:3   | Noticed a four-headed hydra
  8962 | Lair:3   | Killed a four-headed hydra
  8972 | Lair:3   | Found a staircase to the Swamp.
  9060 | Lair:3   | Reached XP level 13. HP: 78/78 MP: 31/33
  9446 | Lair:4   | Noticed Odimp's ghost (journeyman KoWn)
  9459 | Lair:4   | Found a runed translucent gate.
  9459 | Lair:4   | Found a runed translucent gate.
  9459 | Lair:4   | Found a runed translucent gate.
 10128 | Lair:1   | Reached skill level 1 in Fire Magic
 10235 | D:4      | Bought a book of Enchantments for 650 gold pieces
 10241 | D:4      | Learned a level 5 spell: Iskenderun's Battlesphere
 10387 | Lair:4   | Reached skill level 1 in Charms
 10536 | Lair:4   | Reached skill level 2 in Fire Magic
 10538 | Lair:4   | Reached skill level 1 in Earth Magic
 10938 | Lair:5   | Reached skill level 3 in Fire Magic
 10943 | Lair:5   | Reached ***** piety under Vehumet
 10967 | Lair:4   | Offered knowledge of Bolt of Fire by Vehumet.
 11053 | Lair:5   | Reached skill level 4 in Fire Magic
 11160 | Lair:5   | Reached skill level 5 in Fire Magic
 11163 | Lair:5   | Found a frozen archway.
 11177 | IceCv    | Entered an ice cave
 11239 | IceCv    | Reached skill level 5 in Charms
 11522 | IceCv    | Reached XP level 14. HP: 84/84 MP: 24/34
 11800 | IceCv    | Noticed a frost giant
 11810 | IceCv    | Killed a frost giant
 11811 | IceCv    | Reached skill level 10 in Charms
 11848 | IceCv    | Got a coiled steel ring
 11855 | IceCv    | Identified the ring "Sutas" {Ice +Fly} (You found it in an
                  | ice cave)
 11880 | IceCv    | Learned a level 6 spell: Bolt of Cold
 11887 | IceCv    | Learned a level 6 spell: Bolt of Fire
 12813 | Lair:5   | Found a staircase to the Elven Halls.
 13085 | Lair:6   | Entered Level 6 of the Lair of Beasts
 13175 | Lair:6   | Reached skill level 10 in Fighting
 13228 | Lair:6   | Offered knowledge of Mana Rupture by Vehumet.
 13304 | Lair:6   | Reached XP level 15. HP: 95/95 MP: 20/35
 13466 | Lair:6   | Offered knowledge of Orb of Destruction by Vehumet.
 13683 | Lair:6   | Got a bloodstained hunting sling
 14010 | Lair:6   | Learned a level 7 spell: Orb of Destruction
 14231 | D:4      | Bought a pair of polished gloves for 218 gold pieces
 14236 | D:4      | Identified the +1 pair of gloves of the Bull {+Fly rC- MP-9
                  | Int+7 SInv} (You bought it in a shop on level 4 of the
                  | Dungeon)
 14416 | D:9      | Found a sacrificial altar of Ru.
 14833 | D:9      | Reached skill level 1 in Ice Magic
 14994 | D:10     | Entered Level 10 of the Dungeon
 15018 | D:10     | Found a staircase to the Orcish Mines.
 15886 | D:10     | Found the +3 warlock's mirror {reflect}
 16263 | D:11     | Found a flagged portal.
 16821 | D:11     | Reached skill level 15 in Conjurations
 16840 | D:11     | Reached skill level 15 in Spellcasting
 17102 | D:12     | Entered Level 12 of the Dungeon
 17164 | Orc      | Entered the Orcish Mines
 17229 | Orc      | Found a staircase to the Slime Pits.
 17229 | Orc      | Found a viscous altar of Jiyva.
 17237 | Orc      | Noticed Azrael
 17240 | Orc      | Killed Azrael
 17334 | Orc      | Found Boseuh's Antique Armour Shop.
 17531 | Orc      | Bought an ancient leather armour for 189 gold pieces
 17541 | Orc      | Identified the +1 leather armour of Piged {rF+ rC- MR+++
                  | Regen+} (You bought it in a shop in the Orcish Mines)
 17726 | Orc      | Reached ****** piety under Vehumet
 17726 | Orc      | Offered knowledge of Iron Shot by Vehumet.
 17783 | Orc      | Reached XP level 16. HP: 104/104 MP: 24/37
 17791 | Orc      | Reached skill level 1 in Shields
 17893 | Orc      | Found Jucusaeb's Weapon Shop.
 17893 | Orc      | Found Ohymy's General Store.
 17894 | Orc      | Found Eblyfod's Weapon Emporium.
 17894 | Orc      | Found Notrom's Magic Scroll Emporium.
 17913 | Orc      | Bought a scroll of immolation for 45 gold pieces
 17913 | Orc      | Bought a scroll of silence for 97 gold pieces
 17913 | Orc      | Bought a scroll of teleportation for 39 gold pieces
 17913 | Orc      | Bought a scroll of identify for 26 gold pieces
 17913 | Orc      | Bought a scroll of identify for 26 gold pieces
 18179 | D:12     | Noticed Erolcha
 18182 | D:12     | Killed Erolcha
 18198 | D:12     | Reached skill level 6 in Fire Magic
 18254 | D:12     | Found a stormy altar of Qazlal.
 18287 | D:12     | Found a staircase to the Depths.
 18597 | D:12     | HP: 3/104 [skeletal warrior/+1 scimitar of electrocution
                  | (11)]
 18602 | D:12     | Reached skill level 7 in Fire Magic
 18978 | D:12     | Reached skill level 8 in Fire Magic
 19061 | D:12     | Found a gate to the Vaults.
 19338 | Swamp:1  | Entered Level 1 of the Swamp
 19538 | Swamp:1  | Noticed a thorn hunter
 19541 | Swamp:1  | Killed a thorn hunter
 19542 | Swamp:1  | Reached skill level 9 in Fire Magic
 19658 | Swamp:1  | Reached skill level 10 in Fire Magic
 20060 | Swamp:1  | Noticed Roxanne
 20071 | Swamp:1  | Killed Roxanne
 20370 | Swamp:2  | Reached skill level 11 in Fire Magic
 20940 | Swamp:2  | Offered knowledge of Icicle Burst by Vehumet.
 21006 | Swamp:2  | Reached skill level 12 in Fire Magic
 21135 | Swamp:2  | Reached XP level 17. HP: 108/108 MP: 39/39
 21465 | Swamp:3  | Entered Level 3 of the Swamp
 21485 | Swamp:3  | Reached skill level 13 in Fire Magic
 21537 | Swamp:3  | Noticed Kirke
 21555 | Swamp:3  | Noticed Bai Suzhen
 21567 | Swamp:3  | Noticed Aizul
 21569 | Swamp:3  | Killed Aizul
 21589 | Swamp:3  | Killed Kirke
 21602 | Swamp:3  | Killed Bai Suzhen
 21656 | Swamp:3  | Reached skill level 14 in Fire Magic
 22092 | Swamp:3  | Reached skill level 15 in Fire Magic
 22268 | Swamp:3  | Noticed the 27-headed Lernaean hydra
 22292 | Swamp:3  | HP: 3/108 [tyrant leech (22)]
 22487 | Swamp:3  | Killed the 27-headed Lernaean hydra
 22812 | Swamp:3  | Offered knowledge of Conjure Ball Lightning by Vehumet.
 22953 | Swamp:3  | Got a decaying rune of Zot
 23229 | Swamp:3  | Learned a level 3 spell: Dazzling Orbs
 23343 | Spider:1 | Entered Level 1 of the Spider Nest
 23371 | Spider:1 | Reached skill level 16 in Fire Magic
 23377 | Spider:1 | Reached skill level 1 in Hexes
 23496 | Elf:1    | Entered Level 1 of the Elven Halls
 23782 | Elf:1    | Noticed a Shadow Fiend
 23783 | Elf:1    | Reached skill level 5 in Hexes
 23786 | Elf:1    | Reached XP level 18. HP: 114/114 MP: 10/40
 23861 | Elf:1    | Identified the ring of Suspected Treachery {MP+9 Int+2}
 23888 | Elf:1    | Identified the Almanac of the Escort
 23933 | Elf:1    | Identified the +1 hunting sling "Nutt" {flame, rC+ Str+3}
 23955 | Elf:1    | Identified the ring of Lady Luck {*Slow +Inv rPois Int+4}
 24198 | Elf:1    | Identified the ring "Gymow" {rC++ rN+}
 24219 | Elf:1    | Identified the amulet of Okawaru's Envy {RegenMP Dex+5}
 25011 | Elf:1    | Learned a level 5 spell: Freezing Cloud
 25115 | Elf:2    | Reached skill level 1 in Air Magic
 25167 | Elf:2    | Reached skill level 10 in Hexes
 25186 | Elf:2    | Offered knowledge of Mana Rupture by Vehumet.
 25419 | Elf:2    | Reached skill level 5 in Air Magic
 25542 | Elf:2    | Found a runed gate.
 25543 | Elf:2    | Found a runed gate.
 25543 | Elf:2    | Found a runed gate.
 25727 | Elf:3    | Entered Level 3 of the Elven Halls
 26111 | Elf:3    | Noticed a deep elf blademaster
 26120 | Elf:3    | Killed a deep elf blademaster
 26313 | Elf:3    | Found a shimmering blue altar of Sif Muna.
 26319 | Elf:3    | Identified the +9 flail of Weuqobo {elec, rC+}
 26780 | Elf:3    | Noticed a deep elf blademaster
 26784 | Elf:3    | Killed a deep elf blademaster
 26804 | Elf:3    | Noticed a deep elf master archer
 26806 | Elf:3    | Killed a deep elf master archer
 26825 | Elf:3    | Reached XP level 19. HP: 119/119 MP: 41/41
 26869 | Elf:3    | Reached skill level 5 in Shields
 26930 | Elf:3    | Identified the ring "Qunly" {MR- Int+3 Slay+2 Stlth--}
 27032 | Elf:3    | Identified the +5 ring mail of Tartarus {Int+6}
 27032 | Elf:3    | Identified the ring "Moidiat" {Ice Str+4}
 27083 | Elf:3    | Identified the +10 short sword of Ywnufosh {drain, rElec
                  | rF- rC+ Str+3}
 27141 | Elf:3    | Identified the ring "Huziur" {Ice rPois}
 27338 | Elf:3    | Identified the +1 long sword of Fuyr {freeze, rN+}
 27343 | Elf:3    | Identified the ring "Erpheptyf" {+Inv +Fly Stlth++}
 27368 | Elf:3    | Found the +7 sceptre of Torment {pain, torment}
 27408 | Elf:3    | Identified the Grimoire of Hexes and Summoning
 27522 | Elf:3    | Offered knowledge of Lehudib's Crystal Spear by Vehumet.
 27522 | Elf:3    | Offered knowledge of Fire Storm by Vehumet.
 27522 | Elf:3    | Offered knowledge of Ignition by Vehumet.
 27535 | Elf:3    | Learned a level 8 spell: Ignition
 27545 | Elf:3    | Learned a level 9 spell: Fire Storm
 27865 | Spider:1 | Noticed Rupert
 27871 | Spider:1 | Killed Rupert
 27886 | Spider:1 | Gained mutation: Armour fits poorly on your strangely
                  | shaped body. [mutagenic glow]
 27898 | Spider:1 | Found a runed translucent door.
 27899 | Spider:1 | Noticed Mehrunes's ghost (journeyman VSMA)
 28107 | Spider:1 | Identified the ring of Twilight {Ice Str-4 Int+6}
 28440 | Spider:1 | Killed Mehrunes's ghost
 28959 | Spider:2 | Identified the +4 spear of Responsibility {freeze, rElec
                  | MP+9 Str+3}
 29298 | Spider:3 | Entered Level 3 of the Spider Nest
 29329 | Spider:3 | Noticed Arachne
 29346 | Spider:2 | Killed Arachne
 29842 | Spider:3 | Reached XP level 20. HP: 124/124 MP: 37/43
 29912 | Spider:3 | Reached skill level 17 in Fire Magic
 30585 | Spider:3 | Got a gossamer rune of Zot
 30992 | Vaults:1 | Entered Level 1 of the Vaults
 31002 | Vaults:1 | Learned a level 7 spell: Controlled Blink
 31278 | D:8      | Killed Mehrunes's ghost
 31409 | Lair:4   | Killed Odimp's ghost
 32136 | Vaults:1 | Found Ediuporch's Distillery.
 32145 | Vaults:1 | Bought a potion of haste for 190 gold pieces
 32145 | Vaults:1 | Bought a potion of curing for 47 gold pieces
 32145 | Vaults:1 | Bought a potion of haste for 190 gold pieces
 32145 | Vaults:1 | Bought a potion of mutation for 152 gold pieces
 33243 | Vaults:2 | Reached skill level 18 in Fire Magic
 33394 | Vaults:2 | Found Duinyeno's Armour Shoppe.
 33592 | Vaults:2 | Reached XP level 21. HP: 93/129 MP: 47/47
 33912 | Vaults:2 | Identified the ring of Wioj {Dex+7 Slay+5}
 34159 | Vaults:2 | Reached skill level 19 in Fire Magic
 34608 | Vaults:2 | Found a large runed translucent door.
 34608 | Vaults:2 | Found a large runed translucent door.
 34608 | Vaults:2 | Found a large runed translucent door.
 34608 | Vaults:2 | Found a large runed translucent door.
 34608 | Vaults:2 | Found a large runed translucent door.
 34608 | Vaults:2 | Found a large runed translucent door.
 34608 | Vaults:2 | Found a large runed translucent door.
 34608 | Vaults:2 | Found a large runed translucent door.
 34608 | Vaults:2 | Noticed Synox's ghost (legendary FoFi)
 34609 | Vaults:2 | Identified the +8 great sword of Viboitos {pain, *Slow
                  | +Rage Str+5 Int+3}
 34743 | Vaults:2 | Noticed Donald
 34747 | Vaults:2 | Killed Donald
 35024 | Vaults:2 | Found a staircase to the Crypt.
 35162 | Depths:1 | Entered Level 1 of the Depths
 35167 | Depths:1 | Reached skill level 1 in Translocations
 35232 | Depths:1 | Reached skill level 5 in Translocations
 35241 | Depths:1 | Found a gateway to a ziggurat.
 35264 | Depths:1 | Learned a level 3 spell: Regeneration
 35278 | Depths:1 | Reached skill level 1 in Necromancy
 35309 | Depths:1 | Reached XP level 22. HP: 94/135 MP: 23/48
 35375 | Depths:1 | Noticed a Killer Klown
 35375 | Depths:1 | Identified the +3 dagger "Gram" {pain, Str+4 Int+4}
 35422 | Depths:1 | Learned a level 6 spell: Deflect Missiles
 35630 | Depths:1 | Found a gateway to Hell.
 35896 | Depths:1 | Found a runed translucent door.
 35897 | Depths:1 | Noticed Plog's ghost (adept DgCj)
 35916 | Depths:1 | Found a runed door.
 36181 | Slime:1  | Entered Level 1 of the Pits of Slime
 37527 | Slime:2  | Reached skill level 10 in Translocations
 38111 | Slime:3  | Reached skill level 20 in Fire Magic
 39665 | Slime:5  | Entered Level 5 of the Pits of Slime
 39808 | Slime:5  | Found the +7 Spriggan's Knife {stab, EV+4 Stlth+}
 40070 | Slime:5  | Reached XP level 23. HP: 130/140 MP: 49/49
 40109 | Slime:5  | Noticed the Royal Jelly
 40114 | Slime:5  | Killed the Royal Jelly
 40162 | Slime:5  | Identified the +8 dagger of Acwedit {drain, rPois rF+}
 40180 | Slime:5  | Identified the +0 robe of Least Resistance {rN+ Dex+3}
 40252 | Slime:5  | Lost mutation: Armour fits poorly on your strangely shaped
                  | body. [potion of mutation]
 40252 | Slime:5  | Gained mutation: You are partially covered in large bone
                  | plates. (SH +4) [potion of mutation]
 40252 | Slime:5  | Gained mutation: You are resistant to hostile enchantments.
                  | (MR+) [potion of mutation]
 40580 | Slime:5  | Identified the +8 glaive of Gallantry {vamp, *Rage MR++
                  | Dex+7}
 40651 | Slime:5  | Got a slimy rune of Zot
 40656 | Slime:5  | Identified the +8 rapier of Lacso {pierce, Str-4 Dex+7}
 40734 | Slime:5  | Identified the +10 falchion of Lies {freeze, Stlth+}
 41231 | Depths:1 | Identified the ring "Naeb" {+Fly SInv}
 41286 | Depths:1 | Killed Plog's ghost
 41372 | Depths:1 | Killed a Killer Klown
 41768 | Vaults:2 | Killed Synox's ghost
 41769 | Vaults:2 | Reached skill level 10 in Shields
 41837 | Vaults:3 | Entered Level 3 of the Vaults
 41867 | Vaults:3 | Reached skill level 21 in Fire Magic
 41923 | Vaults:3 | Identified Yzoffeom's Volume of Flamy Sinister Secrets
 41966 | Vaults:3 | Identified the +7 chain mail "Fietal" {*Slow rC+ rN+}
 42049 | Vaults:3 | Got a silver rune of Zot
 42167 | Vaults:3 | Reached XP level 24. HP: 145/145 MP: 32/49
 42276 | Vaults:3 | Reached skill level 22 in Fire Magic
 42276 | Vaults:3 | Reached skill level 1 in Armour
 42332 | Vaults:3 | Identified the +7 war axe "Xokeeff" {vamp, Dex+4}
 42559 | Vaults:3 | Identified the +3 flail of Karma {crush, rElec rC+}
 43277 | Vaults:3 | Reached skill level 23 in Fire Magic
 43320 | Vaults:3 | Identified the +1 quarterstaff "Xirod" {holy, *Slow rElec
                  | rPois MR++}
 44085 | Depths:2 | Found a runed door.
 44621 | Depths:2 | Found a one-way gate leading to the halls of Pandemonium.
 44641 | Pan      | Entered the realm of Mnoleg.
 44641 | Pan      | Entered Pandemonium
 44667 | Pan      | Reached skill level 10 in Air Magic
 44812 | Pan      | Found an exit through the horrors of the Abyss.
 44907 | Pan      | Reached XP level 25. HP: 150/150 MP: 38/49
 45019 | Pan      | Noticed Mnoleg
 45026 | Pan      | Killed Mnoleg
 45080 | Pan      | Reached skill level 15 in Translocations
 45500 | Pan      | Got a glowing rune of Zot
 46095 | Pan      | Reached skill level 15 in Fighting
 46116 | Pan      | Found a glowing golden altar of the Shining One.
 46123 | Pan      | Identified the ring "Hicwiergh" {+Fly rN+}
 46123 | Pan      | Noticed a seraph
 46864 | Pan      | Found a white marble altar of Elyvilon.
 46927 | Pan      | Reached XP level 26. HP: 163/163 MP: 39/49
 47105 | Pan      | Identified the +0 large shield of Loss {rF- Regen+ Str+9
                  | SInv}
 47230 | Pan      | Reached skill level 15 in Dodging
 47824 | Pan      | Killed a seraph
 47916 | Pan      | Got a demonic rune of Zot
 48606 | Pan      | Found a glowing silver altar of Zin.
 48637 | Pan      | Identified the +7 ring mail of the Witching Wars {Regen+}
 48700 | Pan      | Identified the +6 large shield of Wuiqel {rElec rC- Dex+5}
 48888 | Pan      | Noticed Caosets the pandemonium lord
 48889 | Pan      | Reached skill level 24 in Fire Magic
 48890 | Pan      | Killed Caosets the pandemonium lord
 48891 | Pan      | Reached skill level 15 in Hexes
 48908 | Depths:2 | Escaped Pandemonium
 49107 | Pan      | Entered Pandemonium
 49111 | Pan      | Noticed Woumaruetu the pandemonium lord
 49215 | Pan      | Noticed Gunt the pandemonium lord
 49295 | Pan      | Noticed Tifeudweu the pandemonium lord
 49356 | Pan      | Noticed Boutreba the pandemonium lord
 49363 | Pan      | Killed Boutreba the pandemonium lord
 49364 | Pan      | Reached XP level 27. HP: 168/168 MP: 19/49
 49512 | Abyss:1  | Escaped into the Abyss
 49536 | Abyss:1  | Found a corrupted altar of Lugonu.
 49964 | Depths:2 | Escaped the Abyss
 50749 | Depths:3 | Found a one-way gate to the infinite horrors of the Abyss.
 51107 | Depths:3 | Noticed Saint Roka
 51113 | Depths:3 | Killed Saint Roka
 51303 | Depths:3 | Noticed Xtahua
 51310 | Depths:3 | Killed Xtahua
 51311 | Depths:3 | Found the +6 fire dragon scales of Xtahua {rF+++ rC- MR+}
 51811 | Depths:4 | Noticed a juggernaut
 51817 | Depths:4 | Killed a juggernaut
 51838 | Depths:4 | Noticed a Killer Klown
 51840 | Depths:4 | Killed a Killer Klown
 52701 | Depths:4 | Reached skill level 25 in Fire Magic
 52989 | Depths:5 | Entered Level 5 of the Depths
 53371 | Depths:5 | Found a portal to a secret trove of treasure.
 53439 | Depths:5 | Noticed Sojobo
 53443 | Depths:5 | Killed Sojobo
 53453 | Depths:5 | Noticed a golden dragon
 53454 | Depths:5 | Noticed an ancient lich
 53459 | Depths:5 | Killed a golden dragon
 53461 | Depths:5 | Killed an ancient lich
 53610 | Depths:5 | You paid a toll of 8 potions of heal wounds to enter a
                  | treasure trove
 53611 | Trove    | Entered a treasure trove
 53633 | Trove    | Identified the Catalogue of Poisoning and the Escort
 53663 | Trove    | Identified Sif Muna's Volume of Translocation and Arcane
                  | Weapons
 53682 | Trove    | Identified Ipoher's Reference Book on Attacks
 53687 | Trove    | Identified Korript's Guide on Bewitchment
 53720 | Depths:5 | Identified the +5 quarterstaff of the Silent Majority
                  | {vamp, -Tele rPois rC+++ SInv} (You acquired it on level 5
                  | of the Depths)
 53721 | Depths:5 | Found the +2 pair of boots of the Assassin {Detection Stab+
                  | Stlth++}
 53757 | Depths:5 | Reached skill level 26 in Fire Magic
 53759 | Depths:5 | Noticed a golden dragon
 53761 | Depths:5 | Noticed a golden dragon
 53763 | Depths:5 | Killed a golden dragon
 53765 | Depths:5 | Killed a golden dragon
 53782 | Depths:5 | Noticed Jory
 53950 | Depths:5 | Found a gate to the Realm of Zot.
 54050 | Depths:5 | Found Xor Uqop's Jewellery Boutique.
 54051 | Depths:5 | Found Toteimpa's Gadget Shoppe.
 54053 | Depths:5 | Found Lazosug's Jewellery Boutique.
 54293 | Zot:1    | Entered Level 1 of the Realm of Zot
 55147 | Zot:1    | Identified the +7 buckler "Talyete" {Int+2} (You acquired
                  | it on level 1 of the Realm of Zot)
 55147 | Zot:1    | Identified the ring of Mesohiw {rPois rF- Dex+3 SInv} (You
                  | acquired it on level 1 of the Realm of Zot)
 55189 | Zot:2    | Reached skill level 27 in Fire Magic
 55211 | Zot:2    | Reached skill level 5 in Ice Magic
 55343 | Zot:2    | Reached skill level 10 in Ice Magic
 55647 | Zot:2    | Reached skill level 1 in Crossbows
 55942 | Zot:2    | Reached skill level 5 in Crossbows
 56680 | Zot:3    | Identified the +8 mace of Shrieking Terror {protect, rF+}
 57069 | Zot:3    | Noticed a golden dragon
 57078 | Zot:3    | Killed a golden dragon
 57439 | Zot:3    | Identified the cursed ring "Lyruenew" {rF+ Stlth--}
 57529 | Zot:4    | Reached skill level 15 in Ice Magic
 57534 | Zot:4    | Noticed a golden dragon
 57538 | Zot:4    | Killed a golden dragon
 57954 | Zot:4    | Found a stormy altar of Qazlal.
 57964 | Zot:4    | Learned a level 8 spell: Necromutation
 58104 | Zot:4    | Reached skill level 1 in Transmutations
 58130 | Zot:4    | Reached skill level 5 in Necromancy
 58400 | Zot:5    | Entered Level 5 of the Realm of Zot
 58581 | Zot:5    | Identified the +1 robe "Qixaigh Imna" {MP+9 Str-3 Int+2
                  | Dex+4}
 58743 | Zot:5    | Noticed a golden dragon
 58748 | Zot:5    | Killed a golden dragon
 58801 | Zot:5    | Noticed an ancient lich
 58805 | Zot:5    | Killed an ancient lich
 58806 | Zot:5    | Reached skill level 5 in Transmutations
 58842 | Zot:5    | Noticed an orb of fire
 58844 | Zot:5    | Noticed a Killer Klown
 58846 | Zot:5    | Killed an orb of fire
 58847 | Zot:5    | Killed a Killer Klown
 58870 | Zot:5    | Noticed an orb of fire
 58875 | Zot:5    | Killed an orb of fire
 58922 | Zot:5    | Noticed an ancient lich
 58927 | Zot:5    | Noticed an ancient lich
 58931 | Zot:5    | Noticed an ancient lich
 58934 | Zot:5    | Killed an ancient lich
 58935 | Zot:5    | Reached skill level 10 in Necromancy
 59006 | Zot:5    | Noticed an orb of fire
 59013 | Zot:5    | Gained mutation: You are frail. (-10% HP) [an orb of fire]
 59016 | Zot:5    | Killed an orb of fire
 59280 | Zot:5    | Killed an ancient lich
 59311 | Zot:5    | Killed an ancient lich
 59314 | Zot:5    | Killed an ancient lich
 59380 | Zot:5    | Noticed an orb of fire
 59384 | Zot:5    | Killed an orb of fire
 59384 | Zot:5    | Noticed an ancient lich
 59386 | Zot:5    | Killed an ancient lich
 59457 | Zot:5    | Reached skill level 10 in Transmutations
 59514 | Zot:5    | Noticed a Killer Klown
 59516 | Zot:5    | Killed a Killer Klown
 59546 | Zot:5    | Got the Orb of Zot
 59548 | Zot:5    | Noticed an ancient lich
 59550 | Zot:5    | Killed an ancient lich
 59587 | Zot:5    | Noticed Xuptim the pandemonium lord
 59708 | Zot:1    | Noticed Wimel the pandemonium lord
 60003 | D:$      | Escaped with the Orb!

Skill      XL: |  1  2  3  4  5  6  7  8  9 10 11 12 13 14 15 16 17 18 19 20 21 22 23 24 25 26 27 |
---------------+----------------------------------------------------------------------------------+-----
Conjurations   | 6 7 8 9 10 11 12 14 15 | 15.0
Spellcasting   | 3 4 5 6 9 10 14 15 16 17 20 23 | 23.0
Dodging        | 3 4 7 10 12 14 17 | 17.0
Fighting       | 1 2 4 8 11 13 16 17 | 17.8
Staves         | 1 3 |  3.8
Evocations     | 1 |  1.2
Axes           | 1 |  1.0
Fire Magic     | 5 12 16 18 19 20 21 23 24 27 | 27.0
Charms         | 7 10 | 10.0
Earth Magic    | 2 |  2.0
Ice Magic      | 2 15 | 15.0
Shields        | 4 7 10 | 10.0
Hexes          | 5 13 14 16 17 | 17.0
Air Magic      | 7 10 | 10.0
Translocations | 6 12 13 14 15 | 15.0
Necromancy     | 3 4 12 | 12.0
Armour         | 4 |  4.0
Crossbows      | 9 |  9.3
Transmutations | 12 | 12.0
Maces & Flails | |  0.2
Stealth        | |  2.1

Action                   |  1- 3 |  4- 6 |  7- 9 | 10-12 | 13-15 | 16-18 | 19-21 | 22-24 | 25-27 || total
-------------------------+-------+-------+-------+-------+-------+-------+-------+-------+-------++-------
Melee: Dagger            |       |     1 |     2 |       |       |       |       |       |       ||     3
       Staff             |       |       |       |     1 |    13 |     1 |       |     4 |    15 ||    34
 Cast: Magic Dart        |    62 |    51 |       |       |       |       |       |       |       ||   113
       Iskenderun's Myst |     2 |     4 |    70 |   249 |   433 |   436 |   417 |    38 |    22 ||  1671
       Searing Ray       |     1 |     2 |     5 |     5 |       |       |       |       |       ||    13
       Bolt of Magma     |       |       |       |       |    29 |       |       |       |       ||    29
       Iskenderun's Batt |       |       |       |       |    17 |    52 |    76 |     5 |     2 ||   152
       Bolt of Fire      |       |       |       |       |    62 |   159 |   185 |   426 |   589 ||  1421
       Bolt of Cold      |       |       |       |       |     2 |     4 |    22 |    15 |    54 ||    97
       Orb of Destructio |       |       |       |       |       |     7 |       |    15 |     1 ||    23
       Ignition          |       |       |       |       |       |       |    42 |    48 |    25 ||   115
       Fire Storm        |       |       |       |       |       |       |     3 |    29 |   329 ||   361
       Regeneration      |       |       |       |       |       |       |     1 |     1 |     9 ||    11
       Deflect Missiles  |       |       |       |       |       |       |       |     1 |       ||     1
       Controlled Blink  |       |       |       |       |       |       |       |     5 |    20 ||    25
Evoke: Wand              |       |       |       |       |     4 |     1 |     6 |     1 |     4 ||    16
  Use: Scroll            |     4 |     3 |     3 |    12 |     9 |     7 |     8 |     7 |     8 ||    61
       Potion            |       |       |       |       |       |     4 |     6 |     5 |     4 ||    19
 Stab: Sleeping          |       |     1 |       |       |       |       |       |       |       ||     1
  Eat: Chunk             |     2 |     5 |     8 |    15 |    26 |    25 |    22 |     6 |    35 ||   144
       Ration            |       |       |       |       |     1 |     2 |     5 |    11 |     6 ||    25
Armor: Robe              |     1 |     4 |     5 |     3 |       |       |       |       |       ||    13
       Leather armour    |       |       |       |     6 |    16 |    11 |    19 |    11 |    22 ||    85
Dodge: Dodged            |     9 |    15 |    15 |    62 |   177 |    78 |   169 |    71 |   216 ||   812
       Deflected         |       |       |       |       |       |       |       |    23 |    37 ||    60
Block: Buckler           |       |       |       |       |     6 |    49 |    98 |    82 |   205 ||   440
       Reflection        |       |       |       |       |     1 |     9 |    23 |    28 |    58 ||   119
